[Event "Early-Titled-Tuesday-Blitz-February-27-2024"]
[Site "Chess.com"]
[Date "2024.02.27"]
[Round "6"]
[White "ViktoriyaTarasova"]
[Black "sathvikadiga"]
[Result "0-1"]
[WhiteElo "2323"]
[BlackElo "2549"]
[TimeControl "180+1"]
[EndTime "9:04:20 PST"]
[Termination "sathvikadiga won on time"]

1. d4 Nf6 2. c4 g6 3. Nc3 Bg7 4. e4 d6 5. h3 O-O 6. Be3 e5 7.
d5 a5 8. g4 Na6 9. Nge2 Ne8 10. Ng3 f5 11. gxf5 gxf5 12. exf5 Kh8 13. Bd3 Nc5 14. Bc2 Nf6 15. Qe2 Qe7 16. O-O-O c6 17. Bg5 h6 18. Bh4 Qf7 19. dxc6 bxc6 20. Rxd6 Qc7 21.
Rdd1 Rb8 22. Bxf6 Bxf6 23. Nce4 Qb6 24. b3 Bg7 25. Qe3 Nxe4 26. Qxb6 Rxb6 27. Bxe4 a4 28.
Kc2 Ba6 29. Rd6 axb3+ 30. axb3 Bb7 31. Nh5 Ra8 32. Rb1 Bf8 33. Rd7 Bc8 34. Rd8 Bb7 0-1

[Event "Early-Titled-Tuesday-Blitz-February-27-2024"]
[Site "Chess.com"]
[Date "2024.02.27"]
[Round "6"]
[White "annacramling"]
[Black "cthake"]
[Result "1-0"]
[WhiteElo "2107"]
[BlackElo "1815"]
[TimeControl "180+1"]
[EndTime "9:04:20 PST"]
[Termination "annacramling won by resignation"]

1. e3 e5 2. d3 d5 3. Ne2 Nc6 4. Nd2 Nf6 5. Nb3 Be6 6. Ng3 Be7 7. d4 e4 8. Be2 a5 9. a4 O-O 10. O-O Bd6 11. f3 Bxg3 12. hxg3 Qd6 13. Qe1 Nb4 14. Bd1 exf3 15. gxf3 Nh5 16. f4 Bh3 17. Bxh5 Bxf1 18.
Qxf1 Nxc2 19. Rb1 Rfe8 20. Qd3 Nb4 21. Qe2 g6 22. Bf3 f5 23. Bd2 c6 24. Nc5 Rab8 25.
Bxb4 axb4 26. Nd3 b3 27. Ne5 b5 28. axb5 Rxb5 29. g4 fxg4 30. Bxg4 Ra8 31. Rc1 Rb6 32. Bd7 Raa6 33. Qg4 Ra2 34. Bxc6 Rxb2 35. Bxd5+ Qxd5 36. Rc8+ Kg7 37. Rc7+ Kf6 38. Rf7+ Qxf7 39. Nxf7 Kxf7 40. Qd7+ Kg8 41. Qd8+ Kg7 42. Qxb6 1-0

[Event "Early-Titled-Tuesday-Blitz-February-27-2024"]
[Site "Chess.com"]
[Date "2024.02.27"]
[Round "6"]
[White "1mbl4"]
[Black "Kazancev_Valerij_M"]
[Result "1-0"]
[WhiteElo "2609"]
[BlackElo "2411"]
[TimeControl "180+1"]
[EndTime "9:04:22 PST"]
[Termination "1mbl4 won by checkmate"]

1. d4 g6 2. Nc3 Bg7 3. Bf4 e6 4. h4 h6 5. e3 d6 6. Qd2 a6 7. Nf3 Ne7 8. Be2 b5 9. g4 Bb7 10. O-O-O Nd7 11. a3 Nb6 12. e4 Nc4 13. Bxc4 bxc4 14.
Qe2 h5 15. g5 d5 16. Be5 O-O 17. Bxg7 Kxg7 18. Ne5 dxe4 19. Nxe4 Nf5 20. c3 Bxe4 21.
Qxe4 Qd5 22. Qe2 Rab8 23. Qxc4 Qg2 24. Nd7 Qxf2 25. Rd2 Qf4 26. Nxf8 Rxf8 27. Qxa6 Nxh4 28. Rf1 Qxg5 29. Qc6 Rb8 30. Qxc7 Rxb2 31. Rxf7+ Kh6 32. Rh7# 1-0

[Event "Early-Titled-Tuesday-Blitz-February-27-2024"]
[Site "Chess.com"]
[Date "2024.02.27"]
[Round "6"]
[White "TregubovP"]
[Black "LimeInTheCoconut"]
[Result "1-0"]
[WhiteElo "2677"]
[BlackElo "2500"]
[TimeControl "180+1"]
[EndTime "9:04:25 PST"]
[Termination "TregubovP won on time"]

1. e4 e5 2. Nf3 Nc6 3. Bb5 g6 4.
d4 exd4 5. Bg5 Be7 6. Bxe7 Qxe7 7. O-O Qb4 8. a4 Nge7 9. Nbd2 a6 10. Bd3 O-O 11. Nb3 d5 12. exd5 Nxd5 13. Be4 Rd8 14.
Qc1 Nf6 15. Bxc6 bxc6 16. Qg5 Kg7 17. Nbxd4 Qxb2 18. Nxc6 Rd5 19. Qe3 Bb7 20. Rab1 Qxb1 21. Rxb1 Bxc6 22. Qc3 Rd6 23. Ne5 Be4 24. f3 Bd5 25.
Ng4 Rad8 26. Nxf6 Rxf6 27. Qxc7 Rfd6 28. Rb6 1-0

[Event "Early-Titled-Tuesday-Blitz-February-27-2024"]
[Site "Chess.com"]
[Date "2024.02.27"]
[Round "6"]
[White "Kopytkin"]
[Black "BursaBBSatranc"]
[Result "1-0"]
[WhiteElo "2470"]
[BlackElo "2622"]
[TimeControl "180+1"]
[EndTime "9:04:26 PST"]
[Termination "Kopytkin won on time"]

1. d4 d5 2. Bg5 c6 3. e3 Qb6 4. Qc1 Bf5 5. c4 e6 6. Nc3 a5 7. Nf3 Nd7 8. c5 Qa7 9. Nh4 Bg6 10. Nxg6 hxg6 11. Bf4 e5 12. Bg3 e4 13. Rb1 Nh6 14.
h3 Nf5 15. Bh2 Be7 16. Be2 Rc8 17. a3 Bd8 18. b4 Bc7 19. Bxc7 Rxc7 20. b5 Rc8 21.
bxc6 bxc6 22. Qc2 O-O 23. O-O Rb8 24. Qa4 Ne7 25. Qc2 f5 26. Rxb8 Rxb8 27. Rb1 f4 28.
Rxb8+ Qxb8 29. Qb1 Qc7 30. Na4 fxe3 31. fxe3 Qg3 32. Qf1 Qxe3+ 33. Qf2 Qxa3 34. Nb6 Nxb6 35. cxb6 Qb2 36. Bg4 Nf5 37. Qxb2 1-0

[Event "Early-Titled-Tuesday-Blitz-February-27-2024"]
[Site "Chess.com"]
[Date "2024.02.27"]
[Round "6"]
[White "ChessLover0108"]
[Black "LiamPutnam2008"]
[Result "1-0"]
[WhiteElo "2961"]
[BlackElo "2795"]
[TimeControl "180+1"]
[EndTime "9:04:27 PST"]
[Termination "ChessLover0108 won by resignation"]

1. Nf3 d5 2. d4 Nf6 3. c4 e6 4. Nc3 dxc4 5. e3 a6 6. Bxc4 b5 7. Be2 Bb7 8. a4 b4 9. Nb1 Nbd7 10.
O-O c5 11. b3 Be7 12. Bb2 O-O 13. Nbd2 cxd4 14. Nxd4 Nc5 15. Bf3 Qd7 16. Nc4 Rad8 17. Qe2 Nfe4 18. Rac1 Bf6 19. Rfd1 Qe7 20. Na5 Rc8 21.
Nxb7 Qxb7 22. Qc2 Rfd8 23. Qb1 Rd7 24. Bxe4 Nxe4 25. Rxc8+ Qxc8 26. Qxe4 e5 27. Rc1 Qd8 28. Nf3 Rd1+ 29. Ne1 Qd2 30. Rxd1 Qxd1 31. Kf1 h6 32. Qxb4 Kh7 33. f3 g6 34. Qc4 Kg7 35. Qd3 Qxd3+ 36.
Nxd3 e4 37. Bxf6+ Kxf6 38. fxe4 1-0

[Event "Early-Titled-Tuesday-Blitz-February-27-2024"]
[Site "Chess.com"]
[Date "2024.02.27"]
[Round "6"]
[White "MessiKingdom"]
[Black "Anton_Demchenko"]
[Result "1-0"]
[WhiteElo "2655"]
[BlackElo "2897"]
[TimeControl "180+1"]
[EndTime "9:04:28 PST"]
[Termination "MessiKingdom won by resignation"]

1. d4 Nf6 2. Bf4 g6 3. Nc3 d5 4. e3 c6 5. Nf3 Bg7 6. Be2 Bg4 7. h3 Bxf3 8. Bxf3 Nbd7 9. O-O O-O 10. e4 e6 11. Bd6 dxe4 12. Bxf8 exf3 13. Bxg7 fxg2 14. Kxg2 Kxg7 15. Qf3 Qb6 16. Rab1 Qxd4 17. Rfd1 Qe5 18. Ne4 Nb6 19. Qxf6+ Qxf6 20. Nxf6 Kxf6 21. b3 Ke7 22. c4 Nd7 23. Rd2 c5 24. Rbd1 Ne5 25. f4 Nc6 26. Rd7+ Ke8 27. Rxb7 Nd8 28. Rc7 a5 29. Rxc5 e5 30. Rxe5+ Ne6 31. Rdd5 a4 32. Ra5 Rd8 33. Rxa4 Rd2+ 34. Kf3 Rd3+ 35. Re3 Rd1 36. c5 Kd7 37. Rc4 Kc6 38. b4 Nd4+ 39. Kf2 Kd5 40. Rec3 Nb5 41. c6 Nxc3 42. Rxc3 Rd2+ 43. Ke1 Rxa2 44. c7 Ra8 45. c8=Q Rxc8 46. Rxc8 1-0

[Event "Early-Titled-Tuesday-Blitz-February-27-2024"]
[Site "Chess.com"]
[Date "2024.02.27"]
[Round "6"]
[White "MetiForce"]
[Black "Nikolakis2014"]
[Result "1-0"]
[WhiteElo "2901"]
[BlackElo "2753"]
[TimeControl "180+1"]
[EndTime "9:04:28 PST"]
[Termination "MetiForce won by checkmate"]

1. d4 Nf6 2. c4 e6 3. Nc3 d5 4. cxd5 exd5 5. Bg5 c6 6. e3 Be7 7. Bd3 h6 8. Bh4 O-O 9. Qc2 Re8 10. h3 a5 11. a3 Nbd7 12. Nge2 b5 13. O-O Nb6 14. a4 b4 15. Nb1 Bb7 16. Nd2 Ne4 17.
Bxe7 Qxe7 18. Bxe4 dxe4 19. Nb3 Ba6 20. Nc5 Bxe2 21.
Qxe2 Nd5 22. Rac1 f5 23. Nb3 Qf6 24. Rc5 f4 25. Rfc1 f3 26. Qf1 Re6 27. Nxa5 Qg5 28. Nxc6 Rg6 29. Rxd5 fxg2 30. Qc4 Qh4 31. Rd8+ Kh7 32.
Qg8# 1-0

[Event "Early-Titled-Tuesday-Blitz-February-27-2024"]
[Site "Chess.com"]
[Date "2024.02.27"]
[Round "6"]
[White "MyDream003"]
[Black "MatthewG-p4p"]
[Result "0-1"]
[WhiteElo "2716"]
[BlackElo "2899"]
[TimeControl "180+1"]
[EndTime "9:04:30 PST"]
[Termination "MatthewG-p4p won on time"]

1. e4 e6 2. d4 d5 3. Nd2 a6 4.
Ngf3 Nf6 5. e5 Nfd7 6. c4 c5 7. cxd5 exd5 8. Bd3 Nc6 9. O-O cxd4 10. Nb3 Nc5 11.
Nxc5 Bxc5 12. h3 Be6 13. a3 a5 14. Bf4 h6 15. Rc1 Qb6 16. Qd2 a4 17. Rc2 Na5 18. Qe2 Nb3 19. Bb5+ Ke7 20. Rd1 Bf5 21. Bd3 Bxd3 22.
Qxd3 g5 23. Bg3 Qg6 24. Qe2 Rhc8 25. Ne1 Bb6 26. Nd3 Qe4 27. Re1 Qxe2 28. Rcxe2 Ba5 29. Rd1 Rc4 30. f4 Rac8 31. Rf1 Rc2 32. Rff2 Rxe2 33. Rxe2 Nc1 34. Nxc1 Rxc1+ 35. Kh2 d3 36. Re3 d2 37. Rd3 d1=Q 0-1

[Event "Early-Titled-Tuesday-Blitz-February-27-2024"]
[Site "Chess.com"]
[Date "2024.02.27"]
[Round "6"]
[White "MIss_MIaMI"]
[Black "BozeKat"]
[Result "0-1"]
[WhiteElo "2395"]
[BlackElo "2164"]
[TimeControl "180+1"]
[EndTime "9:04:32 PST"]
[Termination "BozeKat won by resignation"]

1. e4 c5 2. Nf3 a6 3. d4 cxd4 4.
c3 dxc3 5. Nxc3 d6 6. Bc4 e6 7. Bf4 Be7 8. O-O Nf6 9. Qe2 O-O 10. Rfd1 b5 11. Bb3 Qb6 12. Rac1 Nc6 13. e5 Nxe5 14. Nxe5 dxe5 15. Bxe5 Bb7 16. Bd4 Qc6 17. f3 Rac8 18.
Bc2 Rfd8 19. Nb1 Rxd4 20. Rxd4 Bc5 21. Qf2 Qb6 22. Rcd1 e5 23. Rd8+ Ne8 24. R8d2 Bxf2+ 25. Kf1 Bd4 26. Bf5 Rd8 27. Na3 g6 28. Bb1 Ng7 29.
Nc2 Ne6 30. Nb4 Bc5 31. Nd3 Be3 32. Re2 e4 33. fxe4 Bxe4 34. Nf2 Rxd1+ 35. Nxd1 Bxb1 36. Nxe3 Bd3 37. Kf2 Bxe2 0-1

[Event "Early-Titled-Tuesday-Blitz-February-27-2024"]
[Site "Chess.com"]
[Date "2024.02.27"]
[Round "6"]
[White "NikitaShnadrygin"]
[Black "SARGISMV"]
[Result "0-1"]
[WhiteElo "2617"]
[BlackElo "2470"]
[TimeControl "180+1"]
[EndTime "9:04:33 PST"]
[Termination "SARGISMV won on time"]

1. e4 e6 2. d4 d5 3. Nd2 Nc6 4. Ngf3 Nf6 5. e5 Nd7 6. Bd3 Nb4 7. Be2 c5 8. c3 Nc6 9. O-O Be7 10. Re1 a5 11.
Nf1 h5 12. Ne3 a4 13. c4 Nxd4 14. cxd5 Nxf3+ 15. Bxf3 Nxe5 16. Bxh5 Bd6 17. f4 Qh4 18. fxe5 Bxe5 19. Bf3 Bxh2+ 20. Kf1 Bg3 21. Bd2 b6 22. b3 Qd4 23. Kg1 Bh2+ 24. Kf2 Qh4+ 25. Kf1 Qd4 26. Be2 Qf4+ 27. Bf3 Qd4 28. Be2 Bg3 0-1

[Event "Early-Titled-Tuesday-Blitz-February-27-2024"]
[Site "Chess.com"]
[Date "2024.02.27"]
[Round "6"]
[White "BeardedNM"]
[Black "Aisen1011"]
[Result "0-1"]
[WhiteElo "2235"]
[BlackElo "2479"]
[TimeControl "180+1"]
[EndTime "9:04:33 PST"]
[Termination "Aisen1011 won on time"]

1. e4 d5 2. exd5 Qxd5 3. Nc3 Qe5+ 4. Be2 Bg4 5. d4 Bxe2 6. Ngxe2 Qa5 7. O-O Nf6 8. Bd2 Nc6 9. Ne4 Qf5 10. N2g3 Qg6 11. Nxf6+ gxf6 12. c3 O-O-O 13. b4 e6 14. Qa4 Kb8 15. Be3 Ne7 16. d5 b6 17. c4 h5 18.
dxe6 h4 19. Ne2 h3 20. Nf4 Qf5 21. Nxh3 fxe6 22. Rfd1 Bg7 23. Rd7 Qg4 24. Rad1 Rxd7 25. Rxd7 Nf5 26. Qc6 Rc8 0-1

[Event "Early-Titled-Tuesday-Blitz-February-27-2024"]
[Site "Chess.com"]
[Date "2024.02.27"]
[Round "6"]
[White "Chopper1905"]
[Black "JaloliddinIlkhomi"]
[Result "1-0"]
[WhiteElo "2929"]
[BlackElo "2765"]
[TimeControl "180+1"]
[EndTime "9:04:36 PST"]
[Termination "Chopper1905 won by resignation"]

1. d4 Nf6 2. c4 e6 3. Nf3 b6 4. g3 Bb7 5. Bg2 Bb4+ 6. Nbd2 O-O 7. O-O d5 8. b3 Nbd7 9. Bb2 Qe7 10. a3 Bd6 11. b4 c5 12. dxc5 bxc5 13. b5 d4 14. Qc2 Ne5 15. a4 Nxf3+ 16. exf3 Qd7 17.
a5 Rad8 18. Qd3 e5 19. Bc1 Rfe8 20. Ne4 Nxe4 21. fxe4 h6 22. Bd2 f5 23. Rfe1 f4 24. Rab1 Rf8 25. a6 Bc8 26. gxf4 exf4 27. e5 Bc7 28.
Bd5+ Kh8 29. e6 Qe7 30. Kh1 f3 31. Re4 Qd6 32. Rh4 Bxe6 33. Bxh6 Bxd5 34. Bf4+ Kg8 35. Qh7+ 1-0

[Event "Early-Titled-Tuesday-Blitz-February-27-2024"]
[Site "Chess.com"]
[Date "2024.02.27"]
[Round "6"]
[White "FREDERICKtheMATE"]
[Black "Vaathi_Coming"]
[Result "1-0"]
[WhiteElo "2682"]
[BlackElo "2895"]
[TimeControl "180+1"]
[EndTime "9:04:36 PST"]
[Termination "FREDERICKtheMATE won on time"]

1. d4 Nf6 2. c4 e6 3. Nf3 b6 4. g3 Bb7 5. Bg2 Be7 6. Nc3 O-O 7. Qc2 d5 8. cxd5 exd5 9. O-O c5 10. dxc5 bxc5 11.
Bf4 Nbd7 12. Rac1 d4 13. Nb1 Re8 14. Nfd2 Bxg2 15. Kxg2 Nd5 16. Nc4 Nxf4+ 17. gxf4 Nb6 18. Nbd2 Bf6 19. Qd3 Nd5 20. Qf3 Rxe2 21. Ne4 d3 22. Kg3 Ne7 23. Rfd1 Nf5+ 24. Kh3 Qc8 25. Nxf6+ gxf6 26. Qg4+ Kh8 27. Rxd3 Re4 28. f3 Re8 29. Rd5 Ne7 30.
Qxc8 Raxc8 31. Rd7 Ng6 32. Nd6 Rg8 33. Nxf7+ Kg7 34.
Ng5+ Kf8 35. Nxh7+ Ke8 36. Nxf6+ Kf8 37. Nxg8 Kxg8 38. Rxa7 Nxf4+ 39. Kg4 Nd3 40. Rc3 1-0

[Event "Early-Titled-Tuesday-Blitz-February-27-2024"]
[Site "Chess.com"]
[Date "2024.02.27"]
[Round "6"]
[White "Semen16"]
[Black "Leebit02"]
[Result "1-0"]
[WhiteElo "2728"]
[BlackElo "2540"]
[TimeControl "180+1"]
[EndTime "9:04:39 PST"]
[Termination "Semen16 won by resignation"]

1. e4 c5 2. Nf3 e6 3. d4 cxd4 4. Nxd4 Nc6 5. Nc3 Nf6 6. Ndb5 d6 7. Bf4 e5 8. Bg5 a6 9. Na3 b5 10. Nd5 Be7 11. Bxf6 Bxf6 12. c3 O-O 13. Nc2 Rb8 14.
a4 bxa4 15. Ncb4 Nxb4 16. cxb4 Be6 17. Rxa4 Bxd5 18. exd5 e4 19. Bxa6 e3 20. fxe3 Qe8 21. O-O Qxe3+ 22. Kh1 Bxb2 23. b5 Be5 24. Rh4 h6 25.
Rh3 Qc5 26. Qd2 f5 27. Rc1 Qa7 28. Rf3 Bd4 29. Qd3 g6 30. Re1 Rbe8 31. Re6 Kh7 32.
Rxd6 Qc5 33. Rd7+ Kh8 34. Rf1 Re3 35. Qd2 Bc3 36. Qf2 Qc4 37. h3 Re2 38. Qf3 Re3 39. Qxe3 Qxf1+ 40. Kh2 Bf6 41. Qxh6+ 1-0

[Event "Early-Titled-Tuesday-Blitz-February-27-2024"]
[Site "Chess.com"]
[Date "2024.02.27"]
[Round "6"]
[White "azikom"]
[Black "nicolasbatista3"]
[Result "1-0"]
[WhiteElo "2630"]
[BlackElo "2421"]
[TimeControl "180+1"]
[EndTime "9:04:39 PST"]
[Termination "azikom won on time"]

1. c4 c6 2. e4 d5 3. exd5 cxd5 4.
cxd5 Nf6 5. Qa4+ Nbd7 6. Nc3 g6 7. Bc4 Bg7 8. d3 O-O 9. Nf3 Nb6 10. Qb3 Bf5 11.
O-O Rc8 12. Re1 Ng4 13. Bf4 h6 14. h3 Nf6 15. Be5 Qd7 16. Rad1 Bxh3 17. gxh3 Qxh3 18. Bg3 h5 19. Ne4 Qg4 20. Nh2 Qh3 21. Nxf6+ Bxf6 22. Re4 h4 23. Be5 Bxe5 24. Rxe5 Rfd8 25. Rde1 Nd7 26. Rxe7 Nf6 27. R1e3 Qf5 28. d6 Ng4 29. Nxg4 Qxg4+ 30. Kh1 h3 31. Qxb7 Qd1+ 32. Kh2 Qf1 33. Qf3 Qc1 34. Qxf7+ 1-0

[Event "Early-Titled-Tuesday-Blitz-February-27-2024"]
[Site "Chess.com"]
[Date "2024.02.27"]
[Round "6"]
[White "sewlins"]
[Black "Alen_Yeremyann"]
[Result "0-1"]
[WhiteElo "2161"]
[BlackElo "2809"]
[TimeControl "180+1"]
[EndTime "9:04:39 PST"]
[Termination "Alen_Yeremyann won by resignation"]

1. e4 Nf6 2. e5 Nd5 3. d4 d6 4.
c4 Nb6 5. f4 dxe5 6. fxe5 Bf5 7. Nf3 e6 8. Nc3 Nc6 9. Be3 Bg4 10. Be2 Bxf3 11. Bxf3 Nxc4 12. Bf2 Nb6 13. Bxc6+ bxc6 14. Qg4 h5 15. Qg3 h4 16. Qg4 Nd5 17. O-O h3 18. g3 g6 19. Ne4 Be7 20. Rac1 Rb8 21.
b3 a5 22. Rxc6 a4 23. Be1 Ne3 24. Qf3 Nxf1 25. Kxf1 Qxd4 26. Bc3 Qd5 27. Rxc7 Rf8 28. Nd6+ Bxd6 29. Qxd5 exd5 30. exd6 Rg8 31. Re7+ Kf8 32.
bxa4 f5 33. a5 Rd8 34. Bb4 d4 35. a3 Rg7 36. Ke2 Kg8 37. Kd3 g5 38. Re5 f4 39.
gxf4 g4 40. Rh5 g3 41. hxg3 Rxg3+ 42. Kxd4 Kg7 43. a6 Rh8 44. Rd5 h2 45. d7 h1=Q 46.
d8=Q Rxd8 47. Rxd8 Qd1+ 48. Ke4 Qxd8 49. a7 Qd3+ 0-1

[Event "Early-Titled-Tuesday-Blitz-February-27-2024"]
[Site "Chess.com"]
[Date "2024.02.27"]
[Round "6"]
[White "BilodeauA"]
[Black "Cayse"]
[Result "1-0"]
[WhiteElo "3019"]
[BlackElo "2827"]
[TimeControl "180+1"]
[EndTime "9:04:41 PST"]
[Termination "BilodeauA won on time"]

1. e4 e6 2. d4 d5 3. Nd2 Nf6 4. e5 Nfd7 5. f4 c5 6. c3 Nc6 7.
Ndf3 a5 8. a3 a4 9. Bd3 Qa5 10.
Kf2 b5 11. Ne2 h6 12. Rf1 Ba6 13. Kg1 O-O-O 14. f5 Qb6 15. Kh1 Kb8 16. Nf4 cxd4 17.
fxe6 Ndxe5 18. Nxe5 Nxe5 19. exf7 dxc3 20. bxc3 g5 21.
Ne2 Nxd3 22. Qxd3 b4 23. Qf3 b3 24. Be3 Bc5 25. Bxc5 Qxc5 26. Rf2 g4 27. Qg3+ Ka8 28. Nd4 Bc8 29. Re1 h5 30. Rf6 b2 31. Rc6 Qxa3 32. Qc7 Qa1 33. Qa5+ Kb8 34. Rb6+ Bb7 35. Nc6+ Kc8 36. c4 1-0

[Event "Early-Titled-Tuesday-Blitz-February-27-2024"]
[Site "Chess.com"]
[Date "2024.02.27"]
[Round "6"]
[White "Chesstiger64"]
[Black "viktorskliarov"]
[Result "1/2-1/2"]
[WhiteElo "2360"]
[BlackElo "2576"]
[TimeControl "180+1"]
[EndTime "9:04:41 PST"]
[Termination "Game drawn - insufficient material"]

1. d4 Nf6 2. Nf3 g6 3. e3 Bg7 4. Be2 O-O 5. c4 c5 6. Nc3 cxd4 7. Nxd4 d5 8. O-O Nc6 9. cxd5 Nxd5 10. Nxd5 Qxd5 11.
Bf3 Qc5 12. Nxc6 bxc6 13. Qe2 a5 14. Rd1 Ba6 15. Qe1 Rab8 16. Rb1 Qc2 17. Bd2 Rxb2 18. Rxb2 Qxb2 19. Bxa5 Bb5 20. Bb4 Qxa2 21. Bxe7 Re8 22. Bc5 h5 23. h4 Qc4 24. Qb4 Qxb4 25. Bxb4 Bf8 26. Bxf8 Kxf8 27. Rd7 Re7 28. Rxe7 Kxe7 29. Be4 Kd6 30. f4 f5 31. Bb1 Bc4 32. Kf2 Bd5 33.
g3 c5 34. Ke1 c4 35. Kd2 Kc5 36. Kc3 Bc6 37. Bc2 Bb5 38. e4 Bd7 39. e5 Be6 40. Ba4 Bf7 41. Bd7 Kd5 42. Bb5 Kc5 43. Ba6 Be6 44.
Bb7 Bf7 45. Bc8 Kd5 46. Bd7 Ke4 47. e6 Bxe6 48. Bxe6 Kf3 49. Bf7 Kxg3 50. Bxg6 Kxf4 51. Bxh5 Kg3 52. Bg6 Kxh4 53. Bxf5 Kg5 54. Kxc4 1/2-1/2

[Event "Early-Titled-Tuesday-Blitz-February-27-2024"]
[Site "Chess.com"]
[Date "2024.02.27"]
[Round "6"]
[White "vishwa_vijeta"]
[Black "ChadBiryani"]
[Result "1-0"]
[WhiteElo "2596"]
[BlackElo "2411"]
[TimeControl "180+1"]
[EndTime "9:04:41 PST"]
[Termination "vishwa_vijeta won by resignation"]

1. e4 d6 2. d4 Nf6 3. Nc3 e5 4.
dxe5 dxe5 5. Qxd8+ Kxd8 6. Nf3 Bb4 7. Nxe5 Re8 8. Bf4 Bxc3+ 9. bxc3 Nxe4 10. O-O-O+ Ke7 11. Re1 Nd6 12. Bd3 Kf8 13. Bxh7 Be6 14. h4 Na6 15. h5 Nc5 16. h6 g6 17. Nxg6+ fxg6 18. Bxg6 Nf7 19. h7 Kg7 20. Bxf7 Bxf7 21. Rxe8 Rxe8 22. Be5+ Kg6 23. h8=Q Rxh8 24. Rxh8 c6 25.
f4 Bxa2 26. g4 Bd5 27. Rh5 a5 28. f5+ Kf7 29. Rh7+ Kf8 30. g5 a4 31. g6 a3 32.
Bd6+ Kg8 33. Bxc5 a2 34. Kb2 b5 35. Bd4 Kf8 36. f6 1-0

[Event "Early-Titled-Tuesday-Blitz-February-27-2024"]
[Site "Chess.com"]
[Date "2024.02.27"]
[Round "6"]
[White "PepeCuenca"]
[Black "Elsa167"]
[Result "0-1"]
[WhiteElo "2711"]
[BlackElo "2890"]
[TimeControl "180+1"]
[EndTime "9:04:42 PST"]
[Termination "Elsa167 won on time"]

1. d4 Nf6 2. Bf4 g6 3. Nc3 d6 4.
e4 c6 5. Qd2 Qa5 6. f3 b5 7. a4 Nbd7 8. Be3 Bg7 9. Nh3 e5 10.
Be2 O-O 11. O-O b4 12. Nd1 d5 13. Nhf2 dxe4 14. fxe4 exd4 15. Bxd4 Re8 16. Ne3 Ne5 17. Nc4 Nxc4 18. Bxc4 Be6 19. Bxe6 Rxe6 20. e5 Nd5 21. Ne4 Bxe5 22. Ng5 Bxd4+ 23. Qxd4 Re7 24. Qh4 h5 25.
Kh1 Rae8 26. Rad1 Qc5 27. Rd2 Ne3 28. Rg1 Ng4 29. h3 Ne3 30. Nf3 Nf5 31. Qf4 Re4 32. Qh2 h4 33. Ng5 Ng3+ 34. Qxg3 hxg3 35. Nxe4 Rxe4 0-1

[Event "Early-Titled-Tuesday-Blitz-February-27-2024"]
[Site "Chess.com"]
[Date "2024.02.27"]
[Round "6"]
[White "hmatyi07"]
[Black "UnTucopalaTimba"]
[Result "1/2-1/2"]
[WhiteElo "2298"]
[BlackElo "1989"]
[TimeControl "180+1"]
[EndTime "9:04:43 PST"]
[Termination "Game drawn by agreement"]

1. e4 c6 2. d4 d5 3. Nc3 dxe4 4. Nxe4 Bf5 5. Ng3 Bg6 6. Nf3 Nd7 7. h4 h6 8. h5 Bh7 9. Bd3 Bxd3 10. Qxd3 e6 11. Bd2 Ngf6 12. O-O-O Be7 13. Nf1 O-O 14. Ne3 c5 15. g4 cxd4 16. Qxd4 Bc5 17. Qd3 Qc7 18. g5 hxg5 19. Nc4 Rfd8 20. Qe2 g4 21. Ng5 b5 22.
Ne3 Qe5 23. f4 Qxf4 24. Nd5 Qc4 25. Nxf6+ Nxf6 26. Qg2 Qxa2 27. c3 b4 28. h6 bxc3 29.
Bxc3 Be3+ 30. Rd2 Bxd2+ 31. Bxd2 Rac8+ 32. Bc3 Rxc3+ 33. bxc3 Qxg2 34. h7+ Kf8 35. h8=Q+ Ke7 36. Qh2 1/2-1/2

[Event "Early-Titled-Tuesday-Blitz-February-27-2024"]
[Site "Chess.com"]
[Date "2024.02.27"]
[Round "6"]
[White "Heinza9"]
[Black "Hananmo"]
[Result "0-1"]
[WhiteElo "2331"]
[BlackElo "2526"]
[TimeControl "180+1"]
[EndTime "9:04:44 PST"]
[Termination "Hananmo won by resignation"]

1. e4 c5 2. Nf3 e6 3. b3 d5 4.
exd5 exd5 5. Bb5+ Bd7 6. Qe2+ Qe7 7. Bxd7+ Nxd7 8. Qxe7+ Bxe7 9. Bb2 Bf6 10. Bxf6 Ngxf6 11. Nc3 O-O 12. O-O d4 13. Na4 Rfe8 14. Rfe1 b6 15. h3 Nd5 16. Nb2 Kf8 17. Nd3 f6 18. a4 Kf7 19. Rxe8 Rxe8 20. a5 b5 21. a6 Nc7 22.
Ra5 Re6 23. b4 Rxa6 24. Rxa6 Nxa6 25. bxc5 Naxc5 26. Nxc5 Nxc5 27. Nxd4 a6 28. Kf1 Ke7 29.
Ke2 Kd6 30. Nf5+ Kd5 31. Nxg7 a5 32. Nf5 a4 33. Kd1 a3 34. Kc1 Ne4 35. Ne3+ Kc5 36. d3 Nxf2 37. Kb1 Kd4 38. Nf5+ Kc3 39. Nd6 b4 40.
Nb5+ Kd2 41. d4 Ne4 42. d5 a2+ 43. Kxa2 Kxc2 44. d6 Nxd6 45. Nxd6 b3+ 46. Ka3 b2 0-1

[Event "Early-Titled-Tuesday-Blitz-February-27-2024"]
[Site "Chess.com"]
[Date "2024.02.27"]
[Round "6"]
[White "Chessbard1972"]
[Black "jraosam"]
[Result "0-1"]
[WhiteElo "2443"]
[BlackElo "1953"]
[TimeControl "180+1"]
[EndTime "9:04:44 PST"]
[Termination "jraosam won by checkmate"]

1. d4 Nf6 2. Nf3 g6 3. c4 Bg7 4. g3 d6 5. Bg2 Nbd7 6. Nc3 O-O 7. O-O c6 8. Qc2 Qc7 9. b3 e5 10. dxe5 dxe5 11. Ba3 Re8 12. Rad1 Bf8 13. Bxf8 Nxf8 14. h3 Bf5 15. Qb2 Rad8 16. Ng5 h6 17. Nge4 Nxe4 18.
Nxe4 Bxe4 19. Bxe4 Ne6 20. Bg2 Rxd1 21. Rxd1 Rd8 22. Rd2 Rxd2 23. Qxd2 Qd8 24. Qxd8+ Nxd8 25. b4 Kf8 26. h4 Ke7 27. Kf1 a5 28. a3 axb4 29.
axb4 Kd6 30. Ke1 b6 31. Kd2 Ne6 32. e3 f5 33. h5 g5 34. f3 c5 35. Kc3 Ng7 36.
g4 e4 37. Kb3 exf3 38. Bxf3 fxg4 39. Bxg4 Ke5 40. Ka4 Nf5 41. Kb5 cxb4 42. Kxb4 Nxe3 43. Be2 Kd4 44. Kb5 g4 45. Kxb6 Nxc4+ 46. Kc6 g3 47. Bf3 Ne5+ 48. Kd6 Nxf3 49. Ke6 g2 50. Kf5 g1=Q 51.
Kf4 Qe3+ 52. Kf5 Qg5+ 53. Ke6 Qe5+ 54. Kf7 Ng5+ 55. Kg6 Qe6+ 56. Kg7 Ke5 57. Kh8 Qd7 58. Kg8 Qf7+ 59. Kh8 Qh7# 0-1

[Event "Early-Titled-Tuesday-Blitz-February-27-2024"]
[Site "Chess.com"]
[Date "2024.02.27"]
[Round "6"]
[White "wanyaland"]
[Black "rcmz"]
[Result "0-1"]
[WhiteElo "2468"]
[BlackElo "2203"]
[TimeControl "180+1"]
[EndTime "9:04:44 PST"]
[Termination "rcmz won by resignation"]

1. d4 a6 2. e4 e6 3. Nf3 b5 4. Bd3 Bb7 5. O-O c5 6. dxc5 Bxc5 7. e5 Nc6 8. c3 Nge7 9. Qe2 Ng6 10. a4 b4 11. Re1 Qc7 12. Qe4 Ncxe5 13. Nxe5 Bxe4 14. Bxe4 Rb8 15. Nd3 Qa7 16. Nxc5 Qxc5 17. Be3 Qc7 18. Nd2 bxc3 19. bxc3 d5 20. Bf3 O-O 21. c4 dxc4 22. Rec1 Ne5 23. Be2 Rfd8 24. Nxc4 Nxc4 25. Bxc4 a5 26.
Bxe6 Qe5 27. Bg4 h5 28. Bf3 Rb4 29. g3 h4 30. Kg2 Qf5 31. Bc6 h3+ 32. Kg1 Qg4 33.
Bb5 Qf3 34. Bf1 Qf5 35. Rc5 Rd5 36. Bxh3 Qd3 37. Bf1 Qf5 38. Rac1 Rxa4 39. Rc8+ Kh7 40. Re8 Re5 41. Rd8 Rd5 42. Re8 Re4 43. Ra8 Rxe3 44.
fxe3 Qf3 45. Rc2 Qxe3+ 46. Rf2 Rd2 0-1

[Event "Early-Titled-Tuesday-Blitz-February-27-2024"]
[Site "Chess.com"]
[Date "2024.02.27"]
[Round "6"]
[White "SantoBlue"]
[Black "Polish_fighter3000"]
[Result "1-0"]
[WhiteElo "2977"]
[BlackElo "3075"]
[TimeControl "180+1"]
[EndTime "9:04:46 PST"]
[Termination "SantoBlue won on time"]

1. e4 e5 2. Nf3 Nc6 3. Nc3 Nf6 4. d4 exd4 5. Nxd4 d6 6. Bb5 Bd7 7. Bxc6 bxc6 8. Qf3 c5 9. Nf5 h6 10. O-O g6 11. Ne3 Bg7 12. h3 O-O 13. Bd2 Rb8 14. b3 Re8 15. Rae1 Nh7 16. Ned5 Ng5 17. Bxg5 hxg5 18.
Na4 Bxa4 19. bxa4 c6 20. Ne3 Rb4 21. e5 d5 22. Ng4 Rxa4 23. g3 Qd7 24. Qe3 Rc4 25.
Qxg5 Rxc2 26. Nf6+ Bxf6 27. exf6 Re6 28. Re5 Qd6 29.
Rfe1 Rxe5 30. Rxe5 Qf8 31. Qe3 Kh7 32. Re8 Qd6 33. Rh8+ 1-0